 Dungeon Sprint DCSS version 0.31-a0-920-g28cbb04a8c (webtiles) character file.

Game seed: 2175050510953136403

10813 fingers the Executioner (level 11, -2/117 HPs)
             Began as a Hill Orc Fighter on Oct 17, 2023.
             Was the Champion of Wu Jian.
             Slain by an Orb Guardian (39 damage)
             ... in the Dungeon (Sprint V: "Ziggurat Sprint").
             The game lasted 00:03:39 (745 turns).

fingers the Executioner (Hill Orc Fighter)           Turns: 745, Time: 00:03:40

Health: -2/117     AC: 29    Str: 40    XL:     11   Next: 68%
Magic:  11/11      EV:  6    Int: 12    God:    Wu Jian [******]
Gold:   0          SH: 31    Dex:  9    Spells: 10/10 levels left

rFire   . . .        E - +5 broad axe
rCold   . . .        D - +18 shield of the Gong {Loud rN+ Will+ rCorr EV-5}
rNeg    + . .        C - +15 Maxwell's patent armour {-Cast -Tele rElec Will+ rCorr}
rPois   .            (no helmet)
rElec   +            (no cloak)
rCorr   +            (no gloves)
SInv    .            (no boots)
Will    ++...        J - amulet "Jinus" {Faith +Blink Str+5} Stlth
                     A - +6 ring of strength
HPRegen 0.39/turn    B - +6 ring of strength
MPRegen 0.12/turn

%: no teleportation, no spellcasting, faith
@: in a heavenly storm, glowing, constricted, serpent's lash
A: clever 1, inability to drink after injury 1
a: Renounce Religion, Evoke Blink, Wall Jump, Serpent's Lash, Heavenly Storm


You were in the Dungeon.
You worshipped Wu Jian.
Wu Jian was exalted by your worship.
You visited 1 branch

Inventory:

Hand Weapons
 a - a +0 war axe
 E - a +5 broad axe (weapon)
 F - the +16 obsidian axe {drain, demonic, Mesm Drain Fly SInv}
   (You found it in the Dungeon)

   Mesm:      Its wielder is mesmerised by any visible foes, and it cannot be
   unequipped while any foes are visible.
   SInv:      It lets you see invisible.
   Fly:       It grants you flight.
   Drain:     It drains your maximum health when unequipped.
 I - the +11 flail "Bafapsem" {chaos, rElec rF++ Will+}
   (You found it in the Dungeon)

   rF++:      It greatly protects you from fire.
   rElec:     It insulates you from electricity.
   Will+:     It increases your willpower.
Armour
 b - a +0 scale mail
 c - a +0 buckler
 C - the +15 Maxwell's patent armour (worn) {-Cast -Tele rElec Will+ rCorr}
   (You found it in the Dungeon)

   rElec:     It insulates you from electricity.
   Will+:     It increases your willpower.
   -Cast:     It prevents spellcasting.
   -Tele:     It prevents most forms of teleportation.
   rCorr:     It protects you from acid and corrosion.
 D - the +18 shield of the Gong (worn) {Loud rN+ Will+ rCorr EV-5}
   (You found it in the Dungeon)

   Loud:      It is deafeningly noisy when blocking attacks.
   EV-5:      It affects your evasion (-5).
   rN+:       It protects you from negative energy.
   Will+:     It increases your willpower.
   rCorr:     It protects you from acid and corrosion.
Jewellery
 v - a ring of flight
 w - a +6 ring of dexterity
 x - a +6 ring of dexterity
 y - a +6 ring of intelligence
 z - a +6 ring of intelligence
 A - a +6 ring of strength (left hand)
 B - a +6 ring of strength (right hand)
 G - a ring of protection from cold
 H - the ring "Ikanun" {Will+ Dex+3}
   (You found it in the Dungeon)

   [ring of willpower]

   Dex+3:     It affects your dexterity (+3).
   Will+:     It increases your willpower.
 J - the amulet "Jinus" (around neck) {Faith +Blink Str+5}
   (You found it in the Dungeon)

   [amulet of faith]

   Faith:     It allows you to gain divine favour quickly.
   Str+5:     It affects your strength (+5).
   +Blink:    It lets you blink.
 M - a ring of wizardry
 N - a +5 ring of evasion
 P - a ring of protection from cold
 T - a ring of see invisible
 U - a ring of protection from fire
 V - the ring "Xoybb" {rPois rF+ AC+4 Int+4}
   (You found it in the Dungeon)

   [ring of protection]

   AC+4:      It affects your AC (+4).
   Int+4:     It affects your intelligence (+4).
   rF+:       It protects you from fire.
   rPois:     It protects you from poison
 W - an amulet of regeneration
Wands
 s - a wand of mindburst (19)
 t - a wand of iceblast (7)
 u - a wand of acid (12)
 O - a wand of polymorph (3)
 R - a wand of flame (25)
 S - a wand of charming (9)
Scrolls
 j - 4 scrolls of blinking
 o - 4 scrolls of amnesia
 p - 7 scrolls of fog
 q - 5 scrolls of identify
 r - 2 scrolls of fear
 L - 12 scrolls of enchant armour
 Q - 2 scrolls of brand weapon
Potions
 d - 4 potions of might
 e - 9 potions of curing
 f - 8 potions of heal wounds
 g - 5 potions of haste
 h - 7 potions of magic
 i - 2 potions of berserk rage
 k - 2 potions of brilliance
 l - 2 potions of invisibility
 m - a potion of resistance
 n - a potion of experience
Miscellaneous
 K - a phial of floods


   Skills:
 + Level 17.2 Fighting
 + Level 21.1 Axes
 + Level 10.5 Armour
 + Level 2.3 Dodging
 + Level 0.7 Stealth
 + Level 17.2 Shields
 + Level 2.7 Evocations


You had 10 spell levels left.
You didn't know any spells.
Your spell library contained the following spells:

 Spells                   Type           Power      Damage    Failure   Level
 Magic Dart               Conj           0%         1d3       87%         1
 Blink                    Tloc           0%         N/A       95%         2
 Searing Ray              Conj           0%         2d4       95%         2
 Stone Arrow              Conj/Erth      0%         3d7       99%         3
 Animate Armour           Summ/Erth      0%         N/A       100%        4
 Cause Fear               Hex            0%         N/A       100%        4
 Fulminant Prism          Conj/Hex       0%         3d5       100%        4
 Manifold Assault         Tloc           0%         N/A       100%        4
 Vhi's Electric Charge    Tloc/Air       0%         N/A       100%        4
 Arcjolt                  Conj/Air       0%         1d10      100%        5
 Fireball                 Conj/Fire      0%         3d3       100%        5
 Dispersal                Tloc           0%         N/A       100%        6
 Plasma Beam              Fire/Air       0%         2x1d10    100%        6
 Malign Gateway           Summ/Tloc      0%         N/A       100%        7
 Disjunction              Tloc           0%         N/A       100%        8
 Lehudib's Crystal Spear  Conj/Erth      0%         10d2      100%        8
 Maxwell's Capacitive Co  Air            0%         ∞         100%        8
 Summon Horrible Things   Summ           0%         N/A       100%        8
 Dragon's Call            Summ           0%         N/A       100%        9


Dungeon Overview and Level Annotations

Branches:
Dungeon (1/1)

Altars:
Ashenzari
Cheibriados
Dithmenos
Elyvilon
Fedhas
Gozag
Hepliaklqana
Kikubaaqudgha
Makhleb
Nemelex Xobeh
Okawaru
Qazlal
Ru
Sif Muna
Trog
Uskayaw
Vehumet
Wu Jian
Xom
Yredelemnul
Zin
The Shining One
Beogh
Jiyva
Lugonu

Annotations:
D 1 transporter


Innate Abilities, Weirdness & Mutations

Your mind is acute. (Int +4, Str/Dex -1)
You occasionally lose the ability to drink potions when taking damage.


Message History

You slice the moth of wrath!!
You kill the moth of wrath!
The Council accepts your kill.
You slash the red draconian! You slash the tentacled monstrosity!
The Orb Guardian hits you.
The tentacled monstrosity tentacle-slaps you!!
You block the tentacled monstrosity's attack.
PANG!
The tentacled monstrosity completely misses you.
You block the tentacled monstrosity's attack.
PANG!
The Orb Guardian hits you!!
* * * LOW HITPOINT WARNING * * *
You hit the Orb Guardian.
The Orb Guardian is severely wounded.
You slash the red draconian! You hit the tentacled monstrosity.
You block the Orb Guardian's attack.
BOUMMMMG!
The red draconian hits you with a +0 mace.
* * * LOW HITPOINT WARNING * * *
You block the tentacled monstrosity's attack.
GONNNNG!
You block the tentacled monstrosity's attack.
BOUMMMMG!
You block the tentacled monstrosity's attack.
GONNNNG!
The tentacled monstrosity grabs you.
The tentacled monstrosity constricts you.
* * * LOW HITPOINT WARNING * * *
You feel much better. You block the Orb Guardian's attack.
GONNNNG!
The electric golem blinks!
You block the tentacled monstrosity's attack.
GONNNNG!
You block the tentacled monstrosity's attack.
PTOANNNG!
The tentacled monstrosity tentacle-slaps you but does no damage.
The tentacled monstrosity constricts you.
The Orb Guardian hits you!!!
You die...

▓▓▓▓▓▓▓▓▓▓▓▓▓▓▓▓▓▓▓
▓...8©8...▓...8©8...▓
▓..)=.![..▓...[|))..▓
▓.X|/:?%..▓.....[...▓
▓..dd.d...▓.........▓
▓.........▓.........▓
▓..Xd○○○..▓.........▓
▓..○XXd○..▓.....))..▓
▓..°d@d☼..▓....)).).▓
▓.▓○☼☼☼☼▓.▓....©))).▓
▓..☼°○°☼..▓▓▓▓▓▓▓▓▓▓▓
▓▓▓▓▓▓▓▓▓▓▓


You could see a tentacled monstrosity (berserk), a green draconian, 2
draconians, a red draconian and 2 Orb Guardians.

Vanquished Creatures
  A green draconian (D)
  5 ugly things (D)
  7 draconians (D)
  A moth of wrath (D)
  2 yaktaurs (D)
  A tarantella (shapeshifter) (D)
  3 tarantellas (D)
  2 hornets (D)
  4 spriggans (D)
  A hog (shapeshifter) (D)
  3 neqoxecs (D)
  5 hell hounds (D)
  3 black bears (D)
  A wolf (D)
  2 centaurs (D)
  A scorpion (D)
  A wight (D)
  2 quasits (D)
  2 white imps (D)
  An adder simulacrum (D)
  2 bat zombies (D)
  A ball python skeleton (D)
  A ball python zombie (D)
  A jackal skeleton (D)
  A jackal zombie (D)
  2 quokka skeletons (D)
56 creatures vanquished.

Vanquished Creatures (collateral kills)
  A yellow draconian (D)
1 creature vanquished.

Grand Total: 57 creatures vanquished

Notes
Turn   | Place    | Note
-------+----------+-------------------------------------------
     0 | D        | fingers the Hill Orc Fighter began the quest for the Orb.
     0 | D        | Reached XP level 1. HP: 19/19 MP: 1/1
     0 | D        | Found a shimmering blue altar of Sif Muna.
     0 | D        | Found a bloodstained altar of Trog.
     0 | D        | Found a sacrificial altar of Ru.
     0 | D        | Found a stormy altar of Qazlal.
     0 | D        | Found an iron altar of Okawaru.
     1 | D        | Found a sparkling altar of Nemelex Xobeh.
     1 | D        | Found a blossoming altar of Fedhas.
     1 | D        | Found the +6 Majin-Bo {spellvamp, MP+6 Int+6}
     1 | D        | Found the +27 heavy crossbow "Sniper" {heavy, Acc+∞ SInv}
     1 | D        | Found the +10 dark maul {heavy}
     1 | D        | Found the +15 Maxwell's patent armour {-Cast -Tele rElec
                  | Will+ rCorr}
     1 | D        | Found the +18 shield of the Gong {Loud rN+ Will+ rCorr
                  | EV-5}
     1 | D        | Found the +16 obsidian axe {drain, demonic, Mesm Drain Fly
                  | SInv}
     1 | D        | Found the +7 great mace "Firestarter" {flame, immolate,
                  | rFlCloud rF++}
     1 | D        | Found the +6 shillelagh "Devastator" {shatter}
     1 | D        | Found the +11 plutonium sword {Contam Stlth-}
     1 | D        | Found the +8 lance "Wyrmbane" {slay drac, rPois rF+ rC+
                  | AC+3}
     1 | D        | Found the +9 sword of Zonguldrok {reap}
     1 | D        | Found the +13 scythe of Curses {drain, curses, Drain}
     1 | D        | Found the +9 sword of Power {lifebolt}
     1 | D        | Found the +7 mace of Variability {chaos, chaos arc}
     1 | D        | Found the +11 Singing Sword {sonic wave}
     1 | D        | Found the +8 storm bow {elec, penet}
     3 | D        | Found a transporter.
     3 | D        | Found an ancient bone altar of Kikubaaqudgha.
     3 | D        | Found a viscous altar of Jiyva.
     3 | D        | Found a corrupted altar of Lugonu.
     3 | D        | Found a hazy altar of Hepliaklqana.
     3 | D        | Found a burning altar of Makhleb.
     3 | D        | Found an opulent altar of Gozag.
    95 | D        | Became a worshipper of the Wu Jian Council
   114 | D        | Entered arena 2.
   114 | D        | Found a transporter.
   118 | D        | Reached * piety under Wu Jian
   119 | D        | Reached skill level 3 in Axes
   119 | D        | Reached XP level 2. HP: 28/28 MP: 2/2
   130 | D        | Entered arena 3.
   130 | D        | Noticed a purple ugly thing
   130 | D        | Noticed a white ugly thing
   130 | D        | Noticed a hog
   130 | D        | Found a transporter.
   142 | D        | Killed a white ugly thing
   143 | D        | Reached skill level 9 in Axes
   143 | D        | Reached XP level 3. HP: 45/45 MP: 3/3
   143 | D        | Reached XP level 4. HP: 51/51 MP: 4/4
   143 | D        | Reached XP level 5. HP: 58/58 MP: 5/5
   143 | D        | Reached XP level 6. HP: 66/66 MP: 6/6
   143 | D        | Killed a hog
   144 | D        | Reached skill level 10 in Fighting
   144 | D        | Reached XP level 7. HP: 73/73 MP: 7/7
   151 | D        | Killed a white ugly thing
   151 | D        | Reached ** piety under Wu Jian
   152 | D        | Reached skill level 11 in Axes
   152 | D        | Reached skill level 10 in Shields
   152 | D        | Reached XP level 8. HP: 72/82 MP: 8/8
   179 | D        | Got the ring "Ikanun" {Will+ Dex+3}
   184 | D        | Got the +11 flail "Bafapsem" {chaos, rElec rF++ Will+}
   187 | D        | Entered arena 4.
   187 | D        | Noticed a tarantella
   187 | D        | Noticed a tarantella
   187 | D        | Noticed a tarantella
   187 | D        | Found a transporter.
   198 | D        | Killed a tarantella
   199 | D        | Reached skill level 12 in Axes
   200 | D        | Killed a tarantella
   200 | D        | Killed a tarantella
   200 | D        | Reached *** piety under Wu Jian
   214 | D        | Got the amulet "Jinus" {Faith +Blink Str+5}
   223 | D        | Entered arena 5.
   223 | D        | Noticed a yaktaur
   223 | D        | Noticed a yaktaur
   223 | D        | Found a transporter.
   230 | D        | Killed a yaktaur
   231 | D        | Reached skill level 13 in Axes
   231 | D        | Reached skill level 1 in Dodging
   231 | D        | Reached XP level 9. HP: 86/92 MP: 9/9
   233 | D        | Reached **** piety under Wu Jian
   233 | D        | Killed a yaktaur
   234 | D        | Reached skill level 14 in Axes
   234 | D        | Reached skill level 1 in Evocations
   246 | D        | Entered arena 6.
   246 | D        | Found a transporter.
   253 | D        | Reached ***** piety under Wu Jian
   254 | D        | Reached skill level 15 in Axes
   357 | D        | Entered arena 7.
   358 | D        | Found a transporter.
   363 | D        | Reached ****** piety under Wu Jian
   377 | D        | Got the +4 hand axe of the Dungeon {protect, rPois rCorr
                  | Int-5 Dex-4}
   382 | D        | Entered arena 8.
   383 | D        | Found a transporter.
   402 | D        | Entered arena 9.
   402 | D        | Noticed a white ugly thing
   402 | D        | Noticed a green ugly thing
   402 | D        | Noticed a cyan ugly thing
   402 | D        | Noticed a tarantella
   403 | D        | Found a transporter.
   409 | D        | Killed a tarantella
   410 | D        | Reached skill level 16 in Axes
   411 | D        | Killed a white ugly thing
   412 | D        | Reached XP level 10. HP: 86/103 MP: 10/10
   412 | D        | Gained mutation: You occasionally lose the ability to drink
                  | potions when taking damage. [a neqoxec]
   412 | D        | Gained mutation: Your mind is acute. (Int +4, Str/Dex -1)
                  | [a neqoxec]
   414 | D        | Reached skill level 17 in Axes
   420 | D        | Killed a cyan ugly thing
   420 | D        | Killed a cyan ugly thing
   421 | D        | Reached skill level 18 in Axes
   475 | D        | Entered arena 10.
   475 | D        | Noticed a spriggan rider
   475 | D        | Noticed a spriggan rider
   476 | D        | Found a transporter.
   482 | D        | Killed a spriggan rider
   483 | D        | Reached skill level 15 in Fighting
   483 | D        | Reached skill level 15 in Shields
   484 | D        | Reached skill level 19 in Axes
   490 | D        | Reached skill level 10 in Armour
   501 | D        | Killed a spriggan rider
   502 | D        | Reached XP level 11. HP: 91/114 MP: 11/11
   580 | D        | Entered arena 11.
   580 | D        | Noticed a draconian
   580 | D        | Noticed a draconian
   580 | D        | Noticed a draconian
   580 | D        | Noticed a draconian
   580 | D        | Noticed a draconian
   580 | D        | Noticed a draconian
   580 | D        | Noticed a green draconian
   580 | D        | Noticed a yellow draconian
   580 | D        | Noticed a draconian
   591 | D        | Found a transporter.
   593 | D        | Killed a draconian
   595 | D        | Killed a draconian
   595 | D        | Killed a draconian
   595 | D        | Killed a green draconian
   596 | D        | Reached skill level 20 in Axes
   599 | D        | Killed a draconian
   600 | D        | Killed a draconian
   601 | D        | Killed a yellow draconian
   604 | D        | Killed a draconian
   605 | D        | Reached skill level 21 in Axes
   610 | D        | Killed a draconian
   729 | D        | Got the ring "Xoybb" {rPois rF+ AC+4 Int+4}
   738 | D        | Entered arena 12.
   738 | D        | Noticed a purple draconian
   738 | D        | Noticed a tentacled monstrosity
   738 | D        | Noticed an Orb Guardian
   738 | D        | Noticed a red draconian
   738 | D        | Noticed a moth of wrath
   738 | D        | Noticed an electric golem
   739 | D        | Noticed a green draconian
   739 | D        | Noticed a purple draconian
   739 | D        | Noticed a green draconian
   739 | D        | Noticed an Orb Guardian
   741 | D        | Found a transporter.
   743 | D        | Killed a moth of wrath
   745 | D        | Slain by an Orb Guardian

Illustrated notes

Levels and vault maps discovered:
D:        sprint_v [room_start, room_1, room_2, room_3, room_4, room_5, room_6,
          room_7, room_8, room_9, room_10, room_11, room_12, room_13, room_14,
          room_15, room_16, room_17, room_18, room_19, room_20, room_21,
          room_22, room_23, room_24, room_25, room_26, room_27]

Skill      XL: |  1  2  3  4  5  6  7  8  9 10 11 |
---------------+----------------------------------+-----
Fighting       | 4 9 10 11 12 14 15 17 | 17.2
Axes           | 3 9 11 13 16 19 21 | 21.1
Armour         | 4 7 8 9 10 | 10.5
Shields        | 4 9 10 12 14 15 17 | 17.2
Dodging        | 1 2 |  2.3
Evocations     | 1 2 |  2.7
Stealth        | |  0.7

Action                     |  1- 3 |  4- 6 |  7- 9 | 10-12 || total
---------------------------+-------+-------+-------+-------++-------
  Melee: War axe           |    13 |     2 |    33 |       ||    48
         Broad axe         |       |       |    18 |    74 ||    92
 Invoke: Serpent's Lash    |       |       |       |     1 ||     1
         Heavenly Storm    |       |       |       |     1 ||     1
Ability: Lunge             |     2 |       |     4 |     4 ||    10
         Whirlwind         |       |     2 |     5 |    18 ||    25
  Evoke: Phial of floods   |       |       |     1 |     1 ||     2
         Wand              |       |       |       |     1 ||     1
    Use: Potion            |     1 |       |     5 |     4 ||    10
   Stab: Distracted        |       |       |       |     1 ||     1
 Armour: Plate armour      |     7 |       |    57 |    36 ||   100
  Dodge: Dodged            |       |       |     6 |     6 ||    12
  Block: Kite shield       |    20 |     1 |    87 |    82 ||   190

Table legend: (Time is in decaauts)
 A = Elapsed time spent in this place.
 B = Non-inter-level travel time spent in this place.
 C = Inter-level travel time spent in this place.
 D = Time resting spent in this place.
 E = Time spent auto-exploring this place.
 F = Levels seen in this place.
 G = Mean time per level.
                   A        B        C        D        E       F      G
               +--------+--------+--------+--------+--------+-----+--------+
         Total |    724 |    724 |      0 |      0 |    329 |   1 |  724.0 |
       Dungeon |    724 |    724 |      0 |      0 |    329 |   1 |  724.0 |
               +--------+--------+--------+--------+--------+-----+--------+

Top non-repeatable levels by time:
       D: 724 daAuts
